AoeStats
← pelto

Migration

508996058Analyzed
1v1 RM · 8d ago on Sep 25, 2026· 62m 7s· 2 players
Game mode
Random Map
Map size
132×132
Population
200
Speed
Normal
Resources
Standard
Victory
Conquest
Starting age
Dark Age
Ending age
Imperial Age
RankedLock teamsTeams togetherTeam positionsShared explorationLock speedFull tech treeHidden civsTurbo modeCheats
Victory
Defeat
🇺🇸 Byzantines · United States
576
+19
🇺🇸 Spanish · United States
640
-19
NightKnight
9:21 Loom
12:01 Feudal Age
18:12 Scale Mail Armor
19:27 Wheelbarrow
19:06 Horse Collar
19:21 Fletching
21:11 Fishing Lines
21:54 Forging
25:14 Castle Age
23:23 Double-Bit Axe
25:19 Padded Archer Armor
26:36 Gold Mining
26:36 Stone Mining
27:39 Thumb Ring
26:54 Elite Skirmisher
34:14 Imperial Age
32:34 Medium Warships
33:20 Bow Saw
33:14 Heavy Plow
33:37 Ballistics
35:37 Husbandry
38:12 Chemistry
38:42 Crop Rotation
39:13 Guard Tower
41:26 Hand Cart
41:05 Elite Varangian Guard
41:47 Squires
41:33 Gambesons
42:57 Heavy Warships
42:26 Gillnets
43:14 Heavy Camel Rider
43:59 Bodkin Arrow
44:42 Iron Casting
44:23 Chain Mail Armor
44:23 Leather Archer Armor
44:14 Scale Barding Armor
46:26 Hoardings
46:13 Conscription
48:11 Greek Fire
49:10 Bracer
49:41 Ring Archer Armor
49:41 Plate Mail Armor
49:31 Chain Barding Armor
50:49 Arrowslits
51:46 Keep
52:28 Logistica
54:25 Capped Ram
55:47 Devotion
56:12 Heresy
57:20 Fortified Wall
57:07 Pikeman
57:32 Elite Cataphract
57:42 Halberdier
63:14 Two-Man Saw
pelto
11:55 Feudal Age
10:15 Loom
16:47 Town Watch
20:34 Wheelbarrow
25:42 Castle Age
28:01 Hand Cart
29:06 Scale Barding Armor
29:04 Scale Mail Armor
29:11 Pikeman
36:35 Padded Archer Armor
36:53 Chain Mail Armor
37:00 Chain Barding Armor
37:36 Medium Warships
42:34 Imperial Age
55:42 Double-Bit Axe
56:31 Plate Mail Armor
56:36 Plate Barding Armor
56:17 Leather Archer Armor
57:38 Halberdier
59:16 Squires
59:05 Arson
Connection lost

Rejoining the realm…

Still unreachable

The connection could not be restored.

Session expired

The server has moved on; the page needs a fresh start.